 Dungeon Crawl Stone Soup version 0.14-a0-1811-gdc2d5af (webtiles) character file.

3595 Mitsuki the Conjurer (level 9, 0/51 HPs)
             Began as a Deep Elf Conjurer on Jan 8, 2014.
             Was a Believer of Vehumet.
             Slain by a hill giant
             ... wielding a +0,+0 giant club
              (16 damage)
             ... on Level 8 of the Dungeon.
             The game lasted 01:05:58 (8408 turns).

Mitsuki the Conjurer (Deep Elf Conjurer)            Turns: 8408, Time: 01:05:59

HP   0/51        AC 12     Str 12      XL: 9   Next: 61%
MP  24/29        EV 15     Int 25      God: Vehumet [**....]
Gold 454         SH  0     Dex 19      Spells:  5 memorised, 15 levels left

rFire  + . .     SeeInvis +     t - +9,+4 mace "Juuck" {flame, rElec rF+ rC+ SInv}
rCold  + + .     Clarity  .     v - +4 robe of Augmentation {Str+4 Dex+4 Int+4}
rNeg   . . .     Conserve .     (no shield)
rPois  .         rCorr    +     (no helmet)
rElec  +         rRot     .     x - +2 cloak
SustAb . .       Spirit   .     g - +2 pair of gloves
rMut   .         Warding  .     (no boots)
Saprov . . .     Stasis   .     u - amulet of resist corrosion
                                n - ring of protection from cold
                                l - cursed ring of protection from magic

@: quite resistant to hostile enchantments, stealthy
A: no striking features
a: Renounce Religion


You were on level 8 of the Dungeon.
You worshipped Vehumet.
Vehumet was pleased with you.
You were not hungry.

You visited 2 branches of the dungeon, and saw 10 of its levels.

You collected 454 gold pieces.

Inventory:

Hand weapons
 t - the +9,+4 mace "Juuck" (weapon) {flame, rElec rF+ rC+ SInv}
   (You found it on level 4 of the Dungeon)

   It emits flame when wielded, causing extra injury to most foes and up to
   double damage against particularly susceptible opponents.
   It protects you from fire.
   It protects you from cold.
   It insulates you from electricity.
   It enhances your eyesight.
Armour
 g - a +2 pair of gloves (worn)
 v - the +4 robe of Augmentation (worn) {Str+4 Dex+4 Int+4}
   (You found it on level 7 of the Dungeon)

   It affects your strength (+4).
   It affects your intelligence (+4).
   It affects your dexterity (+4).
 x - a +2 cloak (worn)
 D - a +1 robe of cold resistance
Magical devices
 G - a wand of draining (9)
Comestibles
 b - 8 bread rations
 f - 2 rotting chunks of human flesh
 F - 6 beef jerkies
 H - a meat ration
Scrolls
 e - 6 scrolls of remove curse
 h - a scroll of identify
 j - 2 scrolls of blinking
 p - 8 scrolls of teleportation
 r - 2 scrolls of enchant weapon II
Jewellery
 l - a cursed ring of protection from magic (left hand)
 n - a ring of protection from cold (right hand)
 s - an uncursed ring of protection from cold
 u - an amulet of resist corrosion (around neck)
 B - an uncursed ring of flight
 L - an uncursed ring of sustain abilities {unknown}
Potions
 a - 4 potions of heal wounds {unknown}
 d - a potion of cure mutation {unknown}
 i - 2 potions of agility {unknown}
 k - 2 potions of brilliance {unknown}
 m - 2 potions of restore abilities {unknown}
 o - a potion of confusion {unknown}
 q - 2 potions of berserk rage {unknown}
 w - a potion of might {unknown}
 E - a potion of invisibility {unknown}
Books
 c - a book of Conjurations

   Spells                             Type                      Level
   *Magic Dart                        Conjuration                  1
   Searing Ray                        Conjuration                  2
   Dazzling Spray                     Conjuration/Hexes            3
   Iskenderun's Mystic Blast          Conjuration                  4
   *Iskenderun's Battlesphere         Conjuration/Charms           4
   Fulminant Prism                    Conjuration/Hexes            5
 y - a book of Geomancy

   Spells                             Type                      Level
   Sandblast                          Earth                        1
   Stoneskin                          Transmutation/Earth          2
   Passwall                           Transmutation/Earth          3
   Stone Arrow                        Conjuration/Earth            3
   Petrify                            Transmutation/Earth          4
   Lee's Rapid Deconstruction         Earth                        5
 A - a book of Dreams

   Spells                             Type                      Level
   Ensorcelled Hibernation            Hexes/Ice                    2
   *Flight                            Charms/Air                   3
   Phase Shift                        Translocation                5
   Shadow Creatures                   Summoning                    5
   Mass Confusion                     Hexes                        6
   Darkness                           Hexes                        7
 K - a book of Burglary

   Spells                             Type                      Level
   *Apportation                       Translocation                1
   Swiftness                          Charms/Air                   2
   Passwall                           Transmutation/Earth          3
   Passage of Golubria                Translocation                4
   Lee's Rapid Deconstruction         Earth                        5
   Darkness                           Hexes                        7


   Skills:
 * Level 3.2 Fighting
 - Level 0.2 Maces & Flails
 * Level 4.6 Dodging
 - Level 2.4 Stealth
 + Level 8.8 Spellcasting
 + Level 10.9 Conjurations
 - Level 4.5 Charms
 * Level 3.5 Fire Magic
 + Level 1.8 Air Magic


You had 15 spell levels left.
You knew the following spells:

 Your Spells              Type           Power        Failure   Level  Hunger
a - Magic Dart            Conj           ####         1%          1    None
b - Iskenderun's Battles  Conj/Chrm      #####...     2%          4    ##.....
c - Flight                Chrm/Air       ####......   6%          3    None
d - Flame Tongue          Conj/Fire      #####        1%          1    None
e - Apportation           Tloc           ##........   8%          1    None


Dungeon Overview and Level Annotations

Branches:
Dungeon (9/16)             Temple (1/1) D:6
    Orc: D:9-12        Lair: D:8-11

Altars:
Cheibriados
Elyvilon
Fedhas
Kikubaaqudgha
Nemelex Xobeh
Okawaru
Sif Muna
Trog
Vehumet
Xom
Yredelemnul
Zin
the Shining One

Shops:
D:5 }

Annotations:
D:9 Pikel


Message History

Press: ? - help, Shift-Dir - straight line, f/p - hill giant
Aim: a hill giant, wielding a giant club (moderately wounded)
The flame hits the hill giant.
The hill giant is moderately wounded.
Your battlesphere fires!
The barrage of energy hits the hill giant.
The hill giant is heavily wounded.
The hill giant closely misses you.
Casting: Flame Tongue
Confirm with . or Enter, or press ? or * to list all spells.
Aiming: Flame Tongue
Press: ? - help, Shift-Dir - straight line, f/p - hill giant
Aim: a hill giant, wielding a giant club (heavily wounded)
The flame hits the hill giant.
The hill giant is severely wounded.
Your battlesphere fires!
The barrage of energy hits the hill giant.
The hill giant is almost dead.
The hill giant hits you with a giant club!
You die...

.##≈≈...≈≈# #....# #..,,,,,.# *
.##≈..♣..≈####.#### #.#****..###
.#.........##...# #.#####.....
....♣._.♣.......# ##.##........
.#.........##*..# #.....C..#,*,
.##≈..♣..≈###...# #....F...#...
..#≈≈...≈≈###...#####.##>........
#####...###...........##....#....
***,#.......<...@C...............
,,,,...#.........................
***,#####.#.#...#.####.##.##.##.,
* *,,,,...#.#...#.# #.##.#*.#*,,
* ********#.#...#.# #.##.#*.#***
* *,#...#.# #.....,,* *
*********,#...#.# *##*.**** *
*,,,,,,,*,......# *,****** *
*,,***,,*..###..# *,**,,,*


You could see a hill giant.

Vanquished Creatures
  Prince Ribbit (D:8)
  A manticore (D:7)
  Menkaure (D:4)
  2 sky beasts
  2 orc warriors (D:7)
  A slave (D:8)
  A centaur (D:7)
  2 ogres
  4 ice beasts
  2 giant frogs
  A gnoll sergeant (D:7)
  4 wights (D:7)
  8 crimson imps
  4 jellies
  Crazy Yiuf (D:4)
  3 orc priests
  A centaur skeleton (D:4)
  A scorpion (D:6)
  3 hounds
  4 iguanas
  2 orc wizards
  6 worker ants
  2 killer bee zombies
  10 adders
  9 gnolls
  2 shadow imps (D:7)
  A giant mite (D:6)
  3 white imps (D:7)
  2 giant geckos
  21 orcs
  7 giant cockroaches
  13 goblins
  18 hobgoblins
  18 jackals
  13 kobolds
  3 quokkas
  15 bats
  3 giant newts
  A kobold skeleton (D:5)
  9 rats
205 creatures vanquished.

Vanquished Creatures (others)
  A giant spore (D:8)
  2 ballistomycetes (D:8)
  5 fungi (D:4)
8 creatures vanquished.

Grand Total: 213 creatures vanquished

Notes
Turn   | Place    | Note
--------------------------------------------------------------
     0 | D:1      | Mitsuki, the Deep Elf Conjurer, began the quest for the Orb.
     0 | D:1      | Reached XP level 1. HP: 10/10 MP: 5/5
   209 | D:1      | Reached XP level 2. HP: 15/15 MP: 3/8
   312 | D:1      | Reached skill level 5 in Conjurations
   977 | D:1      | Reached XP level 3. HP: 19/19 MP: 8/10
  1588 | D:2      | Reached skill level 6 in Conjurations
  1591 | D:2      | Reached XP level 4. HP: 24/24 MP: 5/13
  1653 | D:2      | Learned a level 4 spell: Iskenderun's Battlesphere
  2855 | D:4      | Got a transparent mace
  2856 | D:4      | Identified the +9,+4 mace "Juuck" {flame, rElec rF+ rC+ SInv} (You found it on level 4 of the Dungeon)
  2933 | D:4      | Noticed Menkaure
  2935 | D:4      | Reached XP level 5. HP: 28/28 MP: 6/16
  2951 | D:4      | Reached skill level 7 in Conjurations
  2951 | D:4      | Reached skill level 1 in Charms
  2953 | D:4      | Killed Menkaure
  2953 | D:4      | Reached XP level 6. HP: 3/32 MP: 2/18
  3493 | D:4      | Reached skill level 8 in Conjurations
  3825 | D:4      | Noticed Crazy Yiuf
  3835 | D:4      | Killed Crazy Yiuf
  4444 | D:5      | Entered Level 5 of the Dungeon
  4592 | D:5      | Reached skill level 9 in Conjurations
  4592 | D:5      | Reached XP level 7. HP: 36/36 MP: 12/20
  4787 | D:5      | Learned a level 3 spell: Flight
  5009 | D:5      | Found Liecakac's Gadget Shoppe.
  5174 | D:6      | Found a basalt altar of Yredelemnul.
  5200 | D:6      | Reached skill level 1 in Air Magic
  5233 | D:6      | Found a staircase to the Ecumenical Temple.
  5243 | Temple   | Entered the Ecumenical Temple
  5425 | Temple   | Became a worshipper of Vehumet
  5569 | D:6      | Reached skill level 5 in Spellcasting
  5733 | D:6      | Reached XP level 8. HP: 42/42 MP: 18/24
  5821 | D:6      | Reached skill level 1 in Fighting
  6164 | D:6      | Acquired Vehumet's first power
  6164 | D:6      | Offered knowledge of Flame Tongue by Vehumet.
  6480 | D:7      | Reached skill level 10 in Conjurations
  6785 | D:7      | Learned a level 1 spell: Flame Tongue
  6832 | D:7      | Reached skill level 1 in Fire Magic
  7043 | D:7      | Reached XP level 9. HP: 38/49 MP: 3/28
  7554 | D:7      | Offered knowledge of Shock by Vehumet.
  7967 | D:8      | Found a white marble altar of Elyvilon.
  7981 | D:8      | Learned a level 1 spell: Apportation
  8052 | D:8      | Found an ancient bone altar of Kikubaaqudgha.
  8108 | D:8      | Noticed a hill giant
  8115 | D:9      | Noticed Prince Ribbit
  8115 | D:9      | Noticed Pikel
  8131 | D:8      | Killed Prince Ribbit
  8408 | D:8      | Slain by a hill giant

Action                   |  1- 3 |  4- 6 |  7- 9 || total
-------------------------+-------+-------+-------++-------
Melee: Unarmed           |    11 |       |       ||    11
       Mace              |       |     3 |     1 ||     4
 Cast: Magic Dart        |    81 |    90 |   221 ||   392
       Iskenderun's Batt |       |    15 |    53 ||    68
       Flight            |       |       |     5 ||     5
       Flame Tongue      |       |       |    17 ||    17
Evoke: Wand              |       |       |     1 ||     1
  Use: Scroll            |       |     4 |    18 ||    22
